 Dungeon Crawl Stone Soup version 0.18.1-47-g9310371 (webtiles) character file.

1304 sleepydude the Archer (level 8, 69/69 (70) HPs)
             Began as a Centaur Hunter on June 15, 2016.
             Was a Believer of Okawaru.
             Quit the game on level 7 of the Dungeon.
             The game lasted 00:51:31 (7511 turns).

sleepydude the Archer (Centaur Hunter)              Turns: 7511, Time: 00:51:31

HP:   69/69 (70)    AC:  8    Str: 15    XL:     8   Next: 31%
MP:   8/8           EV:  4    Int: 10    God:    Okawaru [**....]
Gold: 200           SH:  0    Dex: 12    Spells: 0 memorised, 7 levels left

rFire  . . .     SeeInvis .     a - +1 shortbow
rCold  . . .     Gourm    .     s - +0 chain mail
rNeg   . . .     Faith    .     (shield currently unavailable)
rPois  .         Spirit   .     (no helmet)
rElec  .         Dismiss  .     (no cloak)
rCorr  .         Reflect  .     y - +0 pair of gloves
SustAt +         Harm     .     (no barding)
MR     .....                    (no amulet)
Stlth  ..........               (no ring)
                                k - ring of sustain attributes

@: very quick, not resistant to hostile enchantments, extremely unstealthy
A: hooves 3, deformed body, speed 2, tough skin 3
a: Heroism, Renounce Religion


You were on level 7 of the Dungeon.
You worshipped Okawaru.
Okawaru was pleased with you.
You were not hungry.

You visited 2 branches of the dungeon, and saw 9 of its levels.

You collected 200 gold pieces.

Inventory:

Hand Weapons
 a - a +1 shortbow (weapon)
 b - a +0 short sword
 B - the cursed +2 war axe of Fate {chop, Str+3, unknown}
   (You found it on level 6 of the Dungeon)

   It inflicts extra damage upon your enemies.
   It affects your strength (+3).
   It has a curse placed upon it.
Missiles
 d - 19 arrows (quivered)
Armour
 c - a +1 leather armour
 s - a +0 chain mail (worn)
 y - a +0 pair of gloves (worn)
Jewellery
 k - a ring of sustain attributes (left hand)
Wands
 o - a wand of polymorph (14/24)
 E - a wand of iceblast (11/15)
Scrolls
 e - 8 scrolls of identify
 i - a scroll of random uselessness {unknown}
 j - 3 scrolls of enchant armour
 l - a scroll of blinking {unknown}
 m - a scroll of noise {unknown}
 p - 4 scrolls of remove curse
 u - a scroll of teleportation
 v - a scroll of enchant weapon {unknown}
 z - a scroll of amnesia {unknown}
 D - 2 scrolls of magic mapping {unknown}
 F - 2 scrolls of fog {unknown}
 I - a scroll of fear
Potions
 g - 4 potions of might
 q - 3 potions of haste {unknown}
 r - 2 potions of curing
 t - a potion of berserk rage {unknown}
 w - 3 potions of degeneration {unknown}
 x - a potion of flight {unknown}
 A - a potion of lignification {unknown}
 C - 2 potions of heal wounds
Books
 n - a Necronomicon

   Spells                             Type                      Level
   a - Haunt                          Necromancy/Summoning         7
   b - Borgnjor's Revivification      Necromancy                   8
   c - Death's Door                   Charms/Necromancy            8
   d - Necromutation                  Transmutation/Necromancy     8
 G - a book of Cantrips

   Spells                             Type                      Level
   a - Corona                         Hexes                        1
   b - Animate Skeleton               Necromancy                   1
   c - Summon Small Mammal            Summoning                    1
   d - Apportation                    Translocation                1
Comestibles
 f - 4 bread rations
 h - 3 meat rations


   Skills:
 + Level 6.1 Fighting
 + Level 10.7 Bows
 - Level 1.3 Dodging
 - Level 0.5 Stealth
 + Level 3.7 Unarmed Combat


You had 7 spell levels left.
You didn't know any spells.

Dungeon Overview and Level Annotations

Branches:
Dungeon (8/15)             Temple (1/1) D:4
   Lair: D:8-11

Altars:
Ashenzari
Cheibriados
Dithmenos
Fedhas
Gozag
Kikubaaqudgha
Makhleb
Nemelex Xobeh
Okawaru
Pakellas
Qazlal
Ru
Trog
Vehumet
Xom
Yredelemnul

Shops:
D:3 *

Annotations:
D:4 stigmas's ghost, amateur DsNe
D:5 Dowan; Duvessa; KrombopulosMichael's ghost, novice OgMo
D:6 stigmas's ghost, amateur DsNe
D:8 Cervance's ghost, novice OgSk


Innate Abilities, Weirdness & Mutations

You have hooves in place of feet.
Armour fits poorly on your strangely shaped body.
You cover ground very quickly.
You have extremely tough skin (AC +3).


Message History

Firing (i - inventory):
d - 21 arrows (quivered)
Press: ? - help, Shift-Dir - straight line, f - two-headed ogre
Aim: a two-headed ogre, wielding a great mace and a giant club (moderately wounded)
You shoot an arrow.
The arrow barely misses the two-headed ogre.
Firing (i - inventory):
d - 20 arrows (quivered)
Press: ? - help, Shift-Dir - straight line, f/p - two-headed ogre
Aim: a two-headed ogre, wielding a great mace and a giant club (moderately wounded)
You shoot an arrow.
The arrow barely misses the two-headed ogre.
There is a stone staircase leading up here.
You climb upwards.
There is a stone staircase leading down here.
Partly explored, can't reach some items.
Autopickup is now off.
Unknown command.
Are you sure you want to abandon this character and quit the game? (Confirm with "yes".)
Okay, then.
Unknown command.
Are you sure you want to abandon this character and quit the game? (Confirm with "yes".)

#...#♣..♣.P....##
#...).♣♣♣♣.P....# #)..#♣♣
♣♣P....# ##### ♣♣##..### #....#
####.# ###### ######### #.#
#.....
###.......###.######.....
#....##.@..........+.....
#....##...##########.....
#######.........)#########.....
#.........##..P........).'..8..
#......#####..≈≈≈≈P.######.....
#......# ##≈≈≈≈≈≈.# ###.8.
#...<.†# #.≈≈≈≈P.# #88P
#......######..≈≈..## ####
#......'....#P.P...#


There were no monsters in sight!

Vanquished Creatures
  An ice beast (D:7)
  A centaur (D:7)
  2 necrophages (D:7)
  A giant frog (D:6)
  A water moccasin zombie (D:7)
  A scorpion (D:4)
  A wight (D:7)
  4 hounds
  Crazy Yiuf (D:7)
  3 orc priests
  5 orc wizards
  A centaur skeleton (D:8)
  5 iguanas
  2 worker ants
  A hound zombie (D:7)
  A hound skeleton (D:4)
  5 adders
  A shadow imp (D:7)
  An ooze (D:4)
  2 adder zombies
  An adder skeleton (D:8)
  A worm (D:2)
  2 dart slugs (D:1)
  7 giant geckos
  11 orcs
  2 ball pythons (D:5)
  2 giant cockroaches
  3 goblins
  5 hobgoblins
  6 kobolds
  2 quokkas
  8 bats
  8 giant newts
  3 jackal skeletons
  8 rats
109 creatures vanquished.

Notes
Turn   | Place    | Note
--------------------------------------------------------------
     0 | D:1      | sleepydude the Centaur Hunter began the quest for the Orb.
     0 | D:1      | Reached XP level 1. HP: 17/17 MP: 1/1
   312 | D:1      | Reached XP level 2. HP: 24/24 MP: 2/2
   334 | D:1      | Reached skill level 6 in Bows
  1106 | D:2      | Reached XP level 3. HP: 21/29 MP: 3/3
  1684 | D:3      | Found an opulent altar of Gozag.
  1690 | D:3      | Reached skill level 7 in Bows
  1691 | D:3      | Found Gozag's Platinum Reserve.
  1723 | D:3      | Reached XP level 4. HP: 20/36 MP: 4/4
  2129 | D:3      | Found a shadowy altar of Dithmenos.
  2567 | D:4      | Noticed stigmas's ghost (amateur DsNe)
  2778 | D:4      | Found a shattered altar of Ashenzari.
  3004 | D:4      | Reached skill level 8 in Bows
  3081 | D:4      | Reached XP level 5. HP: 42/42 MP: 5/5
  3468 | D:4      | Found a staircase to the Ecumenical Temple.
  3476 | Temple   | Entered the Ecumenical Temple
  3721 | Temple   | Became a worshipper of Warmaster Okawaru
  4227 | D:4      | Reached XP level 6. HP: 51/51 MP: 6/6
  4266 | D:4      | Found a shimmering altar of Xom.
  4267 | D:4      | Found a sacrificial altar of Ru.
  4321 | D:5      | Entered Level 5 of the Dungeon
  4345 | D:5      | Reached skill level 9 in Bows
  4370 | D:5      | Noticed KrombopulosMichael's ghost (novice OgMo)
  4422 | D:5      | Found a snail-covered altar of Cheibriados.
  4484 | D:5      | Reached * piety under Okawaru
  4497 | D:5      | Noticed Dowan
  4498 | D:5      | Noticed Duvessa
  5005 | D:5      | Found a basalt altar of Yredelemnul.
  5005 | D:5      | Found a burning altar of Makhleb.
  5761 | D:6      | Got an ichor-stained war axe
  5794 | D:6      | Noticed stigmas's ghost (amateur DsNe)
  5848 | D:6      | Reached XP level 7. HP: 59/60 MP: 7/7
  6129 | D:7      | Reached skill level 1 in Unarmed Combat
  6166 | D:7      | Reached skill level 5 in Fighting
  6194 | D:7      | Reached skill level 10 in Bows
  6214 | D:7      | Reached ** piety under Okawaru
  6360 | D:7      | Noticed Crazy Yiuf
  6364 | D:7      | Killed Crazy Yiuf
  6417 | D:7      | Reached XP level 8. HP: 68/68 MP: 8/8
  6554 | D:7      | Found an oddly glowing altar of Pakellas.
  7473 | D:8      | Noticed Cervance's ghost (novice OgSk)
  7475 | D:8      | Noticed a two-headed ogre
  7511 | D:7      | Quit the game

Skill      XL: |  1  2  3  4  5  6  7  8 |
---------------+-------------------------+-----
Bows           | 6 7 8 9 10 | 10.7
Fighting       | 3 4 5 6 |  6.1
Unarmed Combat | 2 3 |  3.7
Dodging        | |  1.3
Stealth        | |  0.5

Action                   |  1- 3 |  4- 6 |  7- 9 || total
-------------------------+-------+-------+-------++-------
Melee: Unarmed           |    25 |    10 |     4 ||    39
       Kick              |     2 |     3 |       ||     5
       Shortbow          |       |    12 |       ||    12
 Fire: Shortbow          |   107 |   243 |   175 ||   525
Invok: Heroism           |       |     1 |       ||     1
  Use: Scroll            |     5 |       |       ||     5
       Potion            |     2 |     4 |       ||     6
  Eat: Chunk             |     1 |     6 |     1 ||     8
       Fruit             |       |     3 |       ||     3
       Meat ration       |       |     1 |       ||     1
Armor: Leather armour    |    23 |     1 |       ||    24
       Chain mail        |       |    54 |    38 ||    92
Dodge: Dodged            |    22 |    17 |    18 ||    57
